Butterfly Madness
Match 39670377
End
Selects Airborne Battlegroup
Selects Heavy Machine Gun Paradrop
Heavy Machine Gun Paradrop
Engineer Squad
Engineer Squad
Air Support Center
.30 cal Machine Gun
Construct Barracks
Heavy Machine Gun Paradrop
.30 cal Machine Gun
Selects Paratrooper Squad Paradrop
M1 Mortar Team
.30 cal Machine Gun
Selects Smoke Bombing Run
Selects Supply Drop
Supply Drop
P-47 Strafing Run
Construct Tank Depot
P-47 Dive Bomb
.30 cal Machine Gun
Selects Anti-tank Gun Team Paradrop
Anti-tank Gun Team Paradrop
Supply Drop
P-47 Strafing Run
M4(105) Sherman Bulldozer
Paratrooper Squad Paradrop
Heavy Machine Gun Paradrop
P-47 Dive Bomb
Paratrooper Squad Paradrop
P-47 Strafing Run
P-47 Dive Bomb
Paratrooper Squad Paradrop
Selects Carpet Bombing Run
Supply Drop
P-47 Dive Bomb
P-47 Strafing Run
P-47 Dive Bomb
M4(105) Sherman Bulldozer
Supply Drop
Heavy Machine Gun Paradrop
M18 Hellcat Tank Destroyer
Carpet Bombing Run
M18 Hellcat Tank Destroyer
Carpet Bombing Run
Carpet Bombing Run
Paratrooper Squad Paradrop
Heavy Machine Gun Paradrop
P-47 Strafing Run
Carpet Bombing Run
Carpet Bombing Run
Paratrooper Squad Paradrop
Carpet Bombing Run
Heavy Machine Gun Paradrop
Supply Drop
M18 Hellcat Tank Destroyer
P-47 Strafing Run
Carpet Bombing Run
Paratrooper Squad Paradrop
Heavy Machine Gun Paradrop
P-47 Strafing Run
P-47 Dive Bomb
M18 Hellcat Tank Destroyer
Supply Drop
Carpet Bombing Run
Paratrooper Squad Paradrop
P-47 Strafing Run
Smoke Bombing Run
M4(105) Sherman Bulldozer
Supply Drop
Heavy Machine Gun Paradrop
ksk_2006
冲锋大哥
玩美军DLC的都是菜逼
Agent-S
xyz毑輒
Mochi_flamer
Obersol
CoBrA <X-
0
0
Comments sign in to comment!
No comments posted yet!